 Dungeon Crawl Stone Soup version 0.29.1-13-g9f3cf754e1 (webtiles) character file.

Game seed: 2686359669538065787

1 xian the Caller (level 1, -2/13 HPs)
             Began as a Demonspawn Summoner on Jan 29, 2023.
             Slain by a jackal (3 damage)
             ... on level 1 of the Dungeon.
             The game lasted 00:00:25 (90 turns).

xian the Caller (Demonspawn Summoner)                 Turns: 90, Time: 00:00:26

Health: -2/13      AC:  2    Str:  8    XL:     1   Next: 16%
Magic:  0/3        EV: 12    Int: 16    God:
Gold:   0          SH:  0    Dex: 13    Spells: 3/4 levels left

rFire   . . .      SeeInvis .   e - +0 dagger
rCold   . . .      Faith    .   (no shield)
rNeg    . . .      Spirit   .   a - +0 robe
rPois   .          Reflect  .   (no helmet)
rElec   .          Harm     .   (no cloak)
rCorr   .          Rampage  .   (no gloves)
Will    .....                   (no boots)
Stlth   ++........              (no amulet)
HPRegen 0.04/turn               (no ring)
MPRegen 0.08/turn               (no ring)

@: no status effects
A: no striking features
a: no special abilities


You were on level 1 of the Dungeon.
You visited 1 branch of the dungeon, and saw 1 of its levels.

Inventory:

Hand Weapons
 e - a +0 dagger (weapon)
Armour
 a - a +0 robe (worn)
Scrolls
 c - a scroll of identify {unknown}
Potions
 b - a potion of magic
 d - a potion of curing {unknown}


   Skills:
 + Level 1.7 Dodging
 + Level 1.7 Stealth
 + Level 2.0 Spellcasting
 + Level 4.0 Summonings


You had 3 spell levels left.
You knew the following spells:

 Your Spells              Type           Power      Damage    Failure   Level
a - Summon Small Mammal   Summ           56%        N/A       4%          1

Your spell library contained the following spells:

 Spells                   Type           Power      Damage    Failure   Level
 Call Imp                 Summ           14%        N/A       6%          2
 Call Canine Familiar     Summ           14%        N/A       12%         3
 Summon Guardian Golem    Hex/Summ       8%         N/A       26%         3
 Summon Lightning Spire   Summ/Air       8%         N/A       65%         4


Dungeon Overview and Level Annotations

Branches:
Dungeon (1/15)

Altars:


Message History

Your bat hits the jackal but does no damage.
Your bat misses the jackal. You hit the jackal but do no damage.
Your bat barely misses the jackal.
Your bat hits the jackal but does no damage.
The jackal bites you. x2
* * * LOW HITPOINT WARNING * * *
You hit the jackal but do no damage.
Your bat hits the jackal but does no damage.
The jackal barely misses you.
The jackal bites you but does no damage.
Your bat closely misses the jackal.
The jackal misses you. x2
Your bat hits the jackal.
Your bat closely misses the jackal.
You closely miss the jackal.
The jackal is moderately wounded.
Your bat barely misses the jackal.
Your bat misses the jackal. Your bat hits the jackal.
Your bat misses the jackal. The jackal barely misses you.
The jackal misses you.
Your bat barely misses the jackal.
You hit the jackal but do no damage.
The jackal is moderately wounded.
Your bat barely misses the jackal.
The jackal bites you.
* * * LOW HITPOINT WARNING * * *
The jackal closely misses you.
Your bat hits the jackal but does no damage.
The jackal barely misses your bat. The jackal bites you.
* * * LOW HITPOINT WARNING * * *
The jackal attacks as you move away! The jackal closely misses you.
The jackal attacks as you move away! The jackal misses you.
Your bat barely misses the jackal.
Your bat closely misses the jackal.
Your bat hits the jackal but does no damage.
The jackal barely misses your bat.
You are too injured to fight recklessly!
Casting: Summon Small Mammal (safe; 4% risk of failure)
Confirm with . or Enter, or press ? or * to list all spells.
Your bat disappears in a puff of smoke!
The jackal misses you.
Your bat hits the jackal but does no damage.
Your bat closely misses the jackal.
Your bat hits the jackal. The jackal bites you.
You die...

.....# #.# #.#
.....#####.### ###
##...........##♣P♣P♣
8#..##.#####........
...###.# ####♣P♣P♣
....##.#################
....##....#....hr.......
........#..†.b.h....#
....##....#.####@##.#
....##...##.# #..#
.........##.# ##.#
....##...##.# .#
....##...##.# .#
8#.......##.# .#
##.#.##.. #.. .. #. #..
..


You could see 2 jackals, a friendly quokka (summoned) and a friendly bat
(summoned).

Vanquished Creatures
  A jackal (D:1)
1 creature vanquished.

Notes
Turn   | Place    | Note
-------+----------+-------------------------------------------
     0 | D:1      | xian the Demonspawn Summoner began the quest for the Orb.
     0 | D:1      | Reached XP level 1. HP: 13/13 MP: 3/3
    90 | D:1      | Slain by a jackal

Illustrated notes

Levels and vault maps discovered:
D:1:      mrwooster_arrival_statue_2, layout_loops_ring,
          dreamdust_princess_corridor, minmay_small_reverse_x

Action                   || total
-------------------------++-------
Melee: Dagger            ||    11
 Cast: Summon Small Mamm ||     4
Armor: Robe              ||     7
Dodge: Dodged            ||    33
